 Dungeon Crawl Stone Soup version 0.32-a0-666-ge8a88695a4 (webtiles) character file.

Game seed: 3100791420362374237

86 Aldia the Sneak (level 4, 0/24 HPs)
             Began as a Vampire Enchanter on Mar 9, 2024.
             Slain by an ufetubus (4 damage)
             ... on level 3 of the Dungeon.
             The game lasted 00:02:55 (1515 turns).

Aldia the Sneak (Vampire Enchanter)                 Turns: 1515, Time: 00:02:55

Health: 0/24       AC:  2    Str:  7    XL:     4   Next: 26%
Magic:  4/7        EV: 17    Int: 19    God:
Gold:   50         SH:  0    Dex: 14    Spells: 2/7 levels left

rFire   . . .        a - +1 dagger
rCold   + + .        (no shield)
rNeg    + + +        b - +0 robe
rPois   ∞            (no helmet)
rElec   .            (no cloak)
rCorr   .            (no gloves)
SInv    +            (no boots)
Will    .....        (no amulet)
Stlth   +++++        g - +5 ring of evasion
HPRegen 0.00/turn    j - ring of flight
MPRegen 0.10/turn

%: no passive effects
@: confusing by touch, flying, bloodless, inhibited regen
A: bloodless, fangs 3, see invisible, vampiric 2
a: Bat Form, Revivify


You were on level 3 of the Dungeon.
You visited 1 branch of the dungeon, and saw 3 of its levels.

You collected 50 gold pieces.

Inventory:

Hand Weapons
 a - a +1 dagger (weapon)
 k - a +0 short sword of flaming
Armour
 b - a +0 robe (worn)
Jewellery
 g - a +5 ring of evasion (left hand)
 j - a ring of flight (right hand)
Scrolls
 f - a scroll of amnesia {unknown}
 i - a scroll of enchant weapon {unknown}
 l - a scroll of identify {unknown}
 m - a scroll of teleportation {unknown}
Potions
 c - 3 potions of invisibility
 d - a potion of brilliance {unknown}
 e - 3 potions of might {unknown}
 h - a potion of lignification {unknown}


   Skills:
 * Level 2.9 Short Blades
 - Level 2.1 Dodging
 * Level 6.1 Stealth
 - Level 2.0 Spellcasting
 + Level 4.7 Hexes
 - Level 1.0 Ice Magic


You had 2 spell levels left.
You knew the following spells:

 Your Spells              Type           Power      Damage    Failure   Level
a - Ensorcelled Hibernat  Hex/Ice        24%        N/A       8%          2
b - Confusing Touch       Hex            19%        N/A       8%          3

Your spell library contained the following spells:

 Spells                   Type           Power      Damage    Failure   Level
 Apportation              Tloc           2%         N/A       17%         1
 Necrotise                Necr           4%         1d4       17%         1
 Shock                    Conj/Air       4%         1d3       17%         1
 Sting                    Conj/Alch      4%         1d3       17%         1
 Summon Small Mammal      Summ           4%         N/A       17%         1
 Tukima's Dance           Hex            19%        N/A       8%          3
 Dazzling Flash           Conj/Hex       20%        N/A       19%         3
 Inner Flame              Hex/Fire       10%        N/A       19%         3
 Swiftness                Air            1%         N/A       45%         3
 Airstrike                Air            0%         2d(1-17)  86%         4
 Irradiate                Conj/Alch      0%         3d11      99%         5
 Ignition                 Fire           0%         3d3       100%        8


Dungeon Overview and Level Annotations

Branches:
Dungeon (3/15)

Altars:
Cheibriados


Innate Abilities, Weirdness & Mutations

You do not regenerate when monsters are visible.
You are frail without blood (-20% HP).
You can heal yourself when you bite living creatures.
You are immune to poison.
You have razor-sharp teeth.
You have supernaturally acute eyesight. (SInv)
You are afflicted with vampirism and can become a bat while bloodless.


Message History

The hobgoblin hits you.
You hit the hobgoblin.
You kill the hobgoblin!
You hit the ufetubus.
The ufetubus is lightly wounded.
The ufetubus completely misses you. The ufetubus misses you.
The ufetubus barely misses you. The ufetubus misses you.
You hit the ufetubus but do no damage.
The ufetubus is lightly wounded.
The ufetubus barely misses you. The ufetubus misses you.
You hit the ufetubus. Your bite misses the ufetubus.
The ufetubus is heavily wounded.
The ufetubus slips past you! The ufetubus hits you.
The ufetubus barely misses you.
You hit the ufetubus.
The ufetubus is heavily wounded.
The ufetubus hits you.
* * * LOW HITPOINT WARNING * * *
The ufetubus barely misses you. x2; The ufetubus hits you.
* * * LOW HITPOINT WARNING * * *
You closely miss the ufetubus.
The ufetubus is moderately wounded.
The ufetubus closely misses you. The ufetubus misses you. x2
The ufetubus barely misses you. The ufetubus misses you.
The ufetubus closely misses you.
Unknown command.
Cast which spell? (? or * to list)
You can't see any susceptible monsters within range! (Use Z to cast anyway.) Cast which spell? (? or * to list)
Your hands begin to glow red.
The ufetubus barely misses you. x2
The ufetubus completely misses you. The ufetubus barely misses you.
The ufetubus misses you. The ufetubus closely misses you.
Unknown command.
Unknown command.
You hit the ufetubus but do no damage. You bite the ufetubus.
The ufetubus is almost dead.
The ufetubus hits you.
* * * LOW HITPOINT WARNING * * *
The ufetubus hits you.
You die...

#.# ... ..## .... ..##. ...##....
......# #....... ....... #.>...#
.......###.....##
#......<....†......##
#.........###.......###
...#.....#5@5.....#....#####
..........######## ......
...##.........## #..... #..
#..........#######.....
#######.#.......#.#.†..<.........
................#.###.######.....
..........#.#......##..#####.....
..........#.#.##.>..............†
............#. ..............†...


You could see 2 ufetubi.

Vanquished Creatures
  A bombardier beetle (D:3)
  2 dart slugs
  An orc (D:2)
  An endoplasm (D:2)
  2 giant cockroaches
  5 goblins
  6 hobgoblins
  3 kobolds
  2 quokkas
  5 ball pythons
  12 bats
  3 frilled lizards
  10 rats
53 creatures vanquished.

Notes
Turn   | Place    | Note
-------+----------+-------------------------------------------
     0 | D:1      | Aldia the Vampire Enchanter began the quest for the Orb.
     0 | D:1      | Reached XP level 1. HP: 13/13 MP: 3/3
   139 | D:1      | Reached XP level 2. HP: 15/15 MP: 5/5
   141 | D:1      | Found a faded altar of an unknown god.
   355 | D:1      | Reached skill level 5 in Stealth
   435 | D:1      | Learned a level 2 spell: Ensorcelled Hibernation
   727 | D:2      | Gained mutation: You are afflicted with vampirism and can
                  | become a bat while bloodless. [Vampire growth]
   727 | D:2      | Reached XP level 3. HP: 19/19 MP: 6/6
   736 | D:2      | Learned a level 3 spell: Confusing Touch
   869 | D:2      | Found a snail-covered altar of Cheibriados.
  1422 | D:3      | Reached skill level 6 in Stealth
  1422 | D:3      | Reached skill level 1 in Ice Magic
  1422 | D:3      | Reached XP level 4. HP: 24/24 MP: 7/7
  1515 | D:3      | Slain by an ufetubus

Illustrated notes

Levels and vault maps discovered:
D:1:      dpeg_arrival_subterranean_lakeside_camping, layout_basic,
          hellmonk_ecumenical_altar_arch_garden
D:2:      layout_basic, basic_altar, nicolae_titane
D:3:      layout_rooms, serial_shops, nicolae_shop_trees

Skill      XL: |  1  2  3 |
---------------+----------+-----
Stealth        | 5 6 |  6.1
Short Blades   | 2 |  2.9
Ice Magic      | 1 |  1.0
Dodging        | |  2.1
Spellcasting   | |  2.0
Hexes          | |  4.7

Action                     |  1- 3 |  4- 6 || total
---------------------------+-------+-------++-------
  Melee: Dagger            |    99 |    31 ||   130
         Bite              |     3 |     5 ||     8
   Cast: Confusing Touch   |       |     1 ||     1
Ability: Exsanguinate      |     1 |       ||     1
   Stab: Sleeping          |    22 |       ||    22
 Armour: Robe              |    27 |    14 ||    41
  Dodge: Dodged            |    65 |    36 ||   101

Table legend: (Time is in decaauts)
 A = Elapsed time spent in this place.
 B = Non-inter-level travel time spent in this place.
 C = Inter-level travel time spent in this place.
 D = Time resting spent in this place.
 E = Time spent auto-exploring this place.
 F = Levels seen in this place.
 G = Mean time per level.
                   A        B        C        D        E       F      G
               +--------+--------+--------+--------+--------+-----+--------+
         Total |   1500 |   1467 |     33 |      0 |   1108 |   3 |  500.0 |
       Dungeon |   1500 |   1467 |     33 |      0 |   1108 |   3 |  500.0 |
               +--------+--------+--------+--------+--------+-----+--------+

Top non-repeatable levels by time:
     D:1: 716 daAuts
     D:2: 687 daAuts
     D:3: 96 daAuts
